Atomiques vs Mulligans

Created - December 30, 2017 at 19:22

Goals
1 2 3 T
Atomiques 0 3 0 3
Mulligans 3 1 0 4
Shots
1 2 3 T
Atomiques 8 16 15 39
Mulligans 15 9 14 38

1st period

1. Mulligans , Drayson Bowman 11 (Darren Dietz 4, Maxime Macenauer 19) at 14:59
2. Mulligans , Matt Niskanen 4 (Nick Bonino 11, Matt Donovan 16) at 16:24 (PP)
3. Mulligans , Joonas Donskoi 7 (Maxime Macenauer 20) at 19:25

Penalties :
Colby Cohen (STB) for Hooking (Minor) at 1:53, Tyler Brenner (STB) for Roughing (Minor) at 16:00

2nd period

4. Atomiques , Andrew Kozek 5 (Brett Sutter 11, Steve McCarthy 14) at 2:16
5. Atomiques , Dwight King 13 (Corey Tropp 9, Tyler Brenner 28) at 10:24
6. Atomiques , Brett Sutter 14 (Bobby Farnham 6, Andrew Kozek 11) at 15:59
7. Mulligans , Jonathan Tremblay 12 (Eric Tangradi 26, Matt Donovan 17) at 18:12 (PP)

Penalties :
Ryan Shannon (STB) for Roughing (Minor) at 17:36

3rd period

No Goal

Penalties :
Ryan Shannon (STB) for Slashing (Minor) at 5:58

Goalie Stats

Sergei Bobrovsky (STB), 34 saves from 38 shots - (0.895), L, 16-5-1, 59:10 minutes
Anders Lindback (Rep), 36 saves from 39 shots - (0.923), W, 12-12-1, 60:00 minutes

Players Stats for Atomiques

Player Name              G  A  P  +/- PIM S  H  SB GA TA FO     MP     PP MP  PK MP  
------------------------------------------------------------------------------------
Andrew Kozek             1  1  2   2  0   5  0  1  0  0  0/0    13:29   0:00   0:44 
Anthony Nigro            0  0  0   0  0   1  0  0  0  0  0/3     7:42   0:00   0:00 
Bobby Farnham            0  1  1   2  0   1  0  1  0  0  0/0    12:42   0:00   0:00 
Brett Sutter             1  1  2   2  0   2  0  1  1  0  4/7    13:13   0:00   0:31 
Brock McGinn             0  0  0   0  0   4  1  0  0  0  0/0     7:42   0:00   0:00 
Colby Cohen              0  0  0   1  2   1  0  1  0  0  0/0    10:44   0:00   0:00 
Corey Tropp              0  1  1   1  0   4  1  1  0  0  0/0    15:27   0:00   0:00 
Darren Kramer            0  0  0   0  0   0  0  0  0  0  0/0     0:00   0:00   0:00 
Davis Drewiske           0  0  0   1  0   2  2  2  1  2  0/0    25:51   0:00   3:25 
Dwight King              1  0  1   1  0   2  2  0  1  0  0/1    16:35   0:00   1:08 
Eric Gustafsson          0  0  0  -1  0   0  0  1  0  0  0/0     4:59   0:00   0:00 
Eric Mestery             0  0  0  -1  0   0  0  2  0  0  0/0     4:59   0:00   0:00 
Fredrik Claesson         0  0  0   0  0   0  0  0  0  0  0/0     0:00   0:00   0:00 
John Draeger             0  0  0   0  0   0  0  0  0  0  0/0     0:00   0:00   0:00 
Jonas Junland            0  0  0   0  0   1  0  1  1  1  0/0    18:28   0:00   1:33 
Joseph Cramarossa        0  0  0   0  0   0  0  0  0  0  0/2     1:08   0:00   1:05 
Kenndal McArdle          0  0  0  -2  0   4  2  2  0  0  0/2    22:14   0:00   3:06 
Kyle Wharton             0  0  0   0  0   0  2  0  2  0  0/0    18:28   0:00   1:33 
Marc-André Cliche        0  0  0   1  0   0  0  1  1  0  4/11   15:27   0:00   0:00 
Mike Halmo               0  0  0   0  0   0  0  0  0  0  0/0     0:00   0:00   0:00 
Mitch Callahan           0  0  0   0  0   1  0  0  0  0  0/0     7:42   0:00   0:00 
Ryan Shannon             0  0  0  -2  4   6  1  1  1  1  2/2    19:46   0:00   0:40 
Shayne Gostisbehere      0  0  0   1  0   0  0  0  0  0  0/0    10:42   0:00   0:00 
Steve McCarthy           0  1  1   1  0   2  1  3  1  2  0/0    25:51   0:00   3:25 
Tyler Brenner            0  1  1  -2  2   3  1  1  2  0  13/36  21:49   0:00   2:42 

Players Stats for Mulligans

Player Name              G  A  P  +/- PIM S  H  SB GA TA FO     MP     PP MP  PK MP  
------------------------------------------------------------------------------------
Anton Lander             0  0  0  -1  0   3  0  0  2  0  8/15   17:52   1:41   0:00 
Ben Hutton               0  0  0   2  0   0  1  0  0  2  0/0    11:29   0:00   0:00 
Cade Fairchild           0  0  0   0  0   1  0  0  0  0  0/0    19:02   1:35   0:00 
Christoph Bertschy       0  0  0   0  0   2  1  0  0  0  0/2     6:31   0:00   0:00 
Cody Goloubef            0  0  0   0  0   0  0  0  0  0  0/0     0:00   0:00   0:00 
Dalton Thrower           0  0  0  -2  0   0  0  1  0  0  0/0     4:29   0:00   0:00 
Darren Dietz             0  1  1   2  0   1  0  0  0  0  0/0    11:29   0:00   0:00 
Drayson Bowman           1  0  1   1  0   3  1  0  0  1  1/1    12:10   0:00   0:00 
Eric Tangradi            0  1  1  -1  0   8  2  0  0  1  0/0    24:04   3:08   0:00 
Jonathan Tremblay        1  0  1  -1  0   2  1  0  0  0  0/1    24:18   3:07   0:00 
Joonas Donskoi           1  0  1   1  0   1  0  0  0  1  1/1    18:21   1:41   0:00 
Logan Shaw               0  0  0  -1  0   1  6  0  0  0  0/0    16:15   0:09   0:00 
Matt Beleskey            0  0  0  -1  0   1  0  0  0  0  1/1    16:56   1:41   0:00 
Matt Donovan             0  2  2  -1  0   1  2  0  0  0  0/0    25:00   3:23   0:00 
Matt Niskanen            1  0  1  -3  0   2  2  2  0  3  0/0    28:35   3:23   0:00 
Maxime Macenauer         0  2  2   1  0   2  1  0  0  0  6/8    12:10   0:00   0:00 
Nick Bonino              0  1  1  -1  0   6  1  0  3  0  24/35  23:27   3:17   0:00 
Sven Baertschi           0  0  0   0  0   1  1  0  0  1  0/0     7:56   0:10   0:00 
Thomas Hickey            0  0  0   0  0   3  2  1  1  2  0/0    19:56   1:35   0:00 

3 Stars

1 - Brett Sutter (STB)
2 - Andrew Kozek (STB)
3 - Dwight King (STB)

Power Play

Atomiques - 0 on 0 Attempt(s) - 0.00%
Mulligans - 2 on 4 Attempt(s) - 50.00%

Penalty Kill

Atomiques - 2 on 4 Attempt(s) - 50.00% - Score 0 goal in Penalty Kill
Mulligans - 0 on 0 Attempt(s) - 0.00% - Score 0 goal in Penalty Kill

Team Stat

Atomiques - Hits : 13 - Faceoff Wins : 23 - Blocked Shots : 19 - Penalty Minutes : 8
Mulligans - Hits : 21 - Faceoff Wins : 41 - Blocked Shots : 4 - Penalty Minutes : 0

Official

Referees : Martell Rob and Leggo Mike
Linesman : Scott Cherrey and Michel Cormier

Game Notes

No Game Note

Finance

Level 1 -- Attendance: 1548 (77.40%) -- Ticket Income $38,700
Level 2 -- Attendance: 782 (78.20%) -- Ticket Income $9,384
Total Attendance: 2330 (77.67%)
Total Ticket Income: $48,084
Other Income: $2,404
Total Income: $50,488

Atomiques

5 vs 5 Forward 
   Center                   Left Wing                Right Wing               Time % Phy DF OF 
 1 Tyler Brenner            Kenndal McArdle          Ryan Shannon             40     1   2  2  
 2 Marc-André Cliche        Dwight King              Corey Tropp              30     1   2  2  
 3 Brett Sutter             Andrew Kozek             Bobby Farnham            20     1   2  2  
 4 Anthony Nigro            Brock McGinn             Mitch Callahan           10     1   2  2  

5 vs 5 Defense 
   Defense                  Defense                                           Time % Phy DF OF 
 1 Steve McCarthy           Davis Drewiske                                    40     1   2  2  
 2 Kyle Wharton             Jonas Junland                                     30     1   2  2  
 3 Shayne Gostisbehere      Colby Cohen                                       20     1   2  2  
 4 Eric Mestery             Eric Gustafsson                                   10     1   2  2  

PowerPlay Forward 
   Center                   Left Wing                Right Wing               Time % Phy DF OF 
 1 Tyler Brenner            Kenndal McArdle          Ryan Shannon             60     1   2  2  
 2 Marc-André Cliche        Dwight King              Corey Tropp              40     1   2  2  

PowerPlay Defense
   Defense                  Defense                                           Time % Phy DF OF 
 1 Steve McCarthy           Davis Drewiske                                    60     1   2  2  
 2 Kyle Wharton             Jonas Junland                                     40     1   2  2  

Penalty Kill 4 Players Forward 
   Center                   Wing                     Time % Phy DF OF 
 1 Tyler Brenner            Kenndal McArdle          60     1   2  2  
 2 Ryan Shannon             Dwight King              40     1   2  2  

Penalty Kill 4 Players Defense
   Defense                  Defense                  Time % Phy DF OF 
 1 Steve McCarthy           Davis Drewiske           60     1   2  2  
 2 Kyle Wharton             Jonas Junland            40     1   2  2  

Penalty Kill - 3 Players Forward 
   Forward                                           Time % Phy DF OF 
 1 Tyler Brenner                                     60     1   2  2  
 2 Kenndal McArdle                                   40     1   2  2  

Penalty Kill - 3 Players Defense
   Defense                  Defense                  Time % Phy DF OF 
 1 Steve McCarthy           Davis Drewiske           60     1   2  2  
 2 Kyle Wharton             Jonas Junland            40     1   2  2  

4 vs 4 Forward 
   Center                   Wing                     Time % Phy DF OF 
 1 Tyler Brenner            Kenndal McArdle          60     1   2  2  
 2 Ryan Shannon             Dwight King              40     1   2  2  

4 vs 4 Defense
   Defense                  Defense                  Time % Phy DF OF 
 1 Steve McCarthy           Davis Drewiske           60     1   2  2  
 2 Kyle Wharton             Jonas Junland            40     1   2  2  

Last Minutes Offensive
   Center                   Left Wing                Right Wing               Defense                  Defense                  
   Tyler Brenner            Kenndal McArdle          Ryan Shannon             Steve McCarthy           Davis Drewiske           

Last Minutes Defensive
   Center                   Left Wing                Right Wing               Defense                  Defense                  
   Tyler Brenner            Kenndal McArdle          Ryan Shannon             Steve McCarthy           Davis Drewiske           

Goaltenders
Starting : Sergei Bobrovsky         
Backup : Jeremy Smith             

Extra Forwards
Normal : Darren Kramer, Mike Halmo, Joseph Cramarossa - PP : Darren Kramer, Mike Halmo - PK : Joseph Cramarossa
Extra Defensemen
Normal : John Draeger, Fredrik Claesson, Shayne Gostisbehere - PP : John Draeger - PK : Fredrik Claesson, Shayne Gostisbehere
Penalty Shots
Tyler Brenner, Kenndal McArdle, Ryan Shannon, Dwight King, Andrew Kozek

Scratches
Max McCormick (Healthy), Andreas Engqvist (Right Eye Injury), Francois Tremblay (Healthy)

Mulligans

5 vs 5 Forward 
   Center                   Left Wing                Right Wing               Time % Phy DF OF 
 1 Nick Bonino              Eric Tangradi            Jonathan Tremblay        40     0   2  3  
 2 Anton Lander             Matt Beleskey            Logan Shaw               30     0   2  3  
 3 Maxime Macenauer         Drayson Bowman           Joonas Donskoi           20     0   2  3  
 4 Christoph Bertschy       Sven Baertschi           Joonas Donskoi           10     0   2  3  

5 vs 5 Defense 
   Defense                  Defense                                           Time % Phy DF OF 
 1 Matt Niskanen            Matt Donovan                                      40     0   3  2  
 2 Cade Fairchild           Thomas Hickey                                     30     0   3  2  
 3 Ben Hutton               Darren Dietz                                      20     0   3  2  
 4 Dalton Thrower           Matt Niskanen                                     10     0   3  2  

PowerPlay Forward 
   Center                   Left Wing                Right Wing               Time % Phy DF OF 
 1 Nick Bonino              Eric Tangradi            Jonathan Tremblay        60     0   1  4  
 2 Anton Lander             Matt Beleskey            Joonas Donskoi           40     0   1  4  

PowerPlay Defense
   Defense                  Defense                                           Time % Phy DF OF 
 1 Matt Niskanen            Matt Donovan                                      60     0   2  3  
 2 Cade Fairchild           Thomas Hickey                                     40     0   2  3  

Penalty Kill 4 Players Forward 
   Center                   Wing                     Time % Phy DF OF 
 1 Anton Lander             Jonathan Tremblay        60     1   2  2  
 2 Maxime Macenauer         Eric Tangradi            40     1   2  2  

Penalty Kill 4 Players Defense
   Defense                  Defense                  Time % Phy DF OF 
 1 Matt Niskanen            Matt Donovan             60     1   2  2  
 2 Thomas Hickey            Cade Fairchild           40     1   2  2  

Penalty Kill - 3 Players Forward 
   Forward                                           Time % Phy DF OF 
 1 Eric Tangradi                                     60     1   2  2  
 2 Jonathan Tremblay                                 40     1   2  2  

Penalty Kill - 3 Players Defense
   Defense                  Defense                  Time % Phy DF OF 
 1 Matt Niskanen            Matt Donovan             60     1   2  2  
 2 Darren Dietz             Thomas Hickey            40     1   2  2  

4 vs 4 Forward 
   Center                   Wing                     Time % Phy DF OF 
 1 Nick Bonino              Eric Tangradi            60     1   2  2  
 2 Anton Lander             Jonathan Tremblay        40     1   2  2  

4 vs 4 Defense
   Defense                  Defense                  Time % Phy DF OF 
 1 Matt Niskanen            Matt Donovan             60     1   2  2  
 2 Ben Hutton               Thomas Hickey            40     1   2  2  

Last Minutes Offensive
   Center                   Left Wing                Right Wing               Defense                  Defense                  
   Nick Bonino              Eric Tangradi            Jonathan Tremblay        Matt Niskanen            Thomas Hickey            

Last Minutes Defensive
   Center                   Left Wing                Right Wing               Defense                  Defense                  
   Anton Lander             Eric Tangradi            Jonathan Tremblay        Matt Niskanen            Matt Donovan             

Goaltenders
Starting : Anders Lindback          
Backup : Calvin Pickard           

Extra Forwards
Normal : Sven Baertschi, Logan Shaw, Joonas Donskoi - PP : Sven Baertschi, Logan Shaw - PK : Joonas Donskoi
Extra Defensemen
Normal : Ben Hutton, Darren Dietz, Dalton Thrower - PP : Ben Hutton - PK : Darren Dietz, Dalton Thrower
Penalty Shots
Eric Tangradi, Jonathan Tremblay, Anton Lander, Maxime Macenauer, Matt Beleskey

Scratches
Reid Boucher (Healthy), Nick Shore (Healthy), Mario Lucia (Healthy), Adam Lowry (Healthy), Benn Ferriero (Healthy)
Derek Dorsett (Healthy), Marek Langhamer (Healthy)

% Time on Ice - Atomiques

Lines # - Real PCT - Wanted PCT - Time Play
Normal Forward
1 - 34% - 40% - 18:18
2 - 29% - 30% - 15:27
3 - 23% - 20% - 12:42
4 - 14% - 10% - 7:42
Normal Defense
1 - 40% - 40% - 21:39
2 - 31% - 30% - 16:49
3 - 20% - 20% - 10:42
4 - 9% - 10% - 4:59
PP Forward
1 - 0% - 60%
2 - 0% - 40%
PP Defense
1 - 0% - 60%
2 - 0% - 40%
PK Forward
1 - 77% - 60% - 3:50
2 - 23% - 40% - 1:08
PK Defense
1 - 69% - 60% - 3:25
2 - 31% - 40% - 1:33
PK3 Forward
1 - 0% - 60%
2 - 0% - 40%
PK3 Defense
1 - 0% - 60%
2 - 0% - 40%
44 Forward
1 - 0% - 60%
2 - 0% - 40%
44 Defense
1 - 0% - 60%
2 - 0% - 40%
Last Minute Offensive  - 0:53
Last Minute Defensive  - 0:00
Total
Forward - 60:00
Defense - 60:00

% Time on Ice - Mulligans

Lines # - Real PCT - Wanted PCT - Time Play
Normal Forward
1 - 37% - 40% - 20:10
2 - 28% - 30% - 15:15
3 - 22% - 20% - 12:10
4 - 12% - 10% - 6:31
Normal Defense
1 - 39% - 40% - 20:50
2 - 32% - 30% - 17:27
3 - 21% - 20% - 11:29
4 - 8% - 10% - 4:20
PP Forward
1 - 66% - 60% - 3:17
2 - 34% - 40% - 1:41
PP Defense
1 - 68% - 60% - 3:23
2 - 32% - 40% - 1:35
PK Forward
1 - 0% - 60%
2 - 0% - 40%
PK Defense
1 - 0% - 60%
2 - 0% - 40%
PK3 Forward
1 - 0% - 60%
2 - 0% - 40%
PK3 Defense
1 - 0% - 60%
2 - 0% - 40%
44 Forward
1 - 0% - 60%
2 - 0% - 40%
44 Defense
1 - 0% - 60%
2 - 0% - 40%
Last Minute Offensive  - 0:00
Last Minute Defensive  - 0:56
Total
Forward - 60:00
Defense - 60:00

Play by Play

1st period


0:01 of 1st period - Nick Bonino wins face-off versus Tyler Brenner in neutral zone.
0:49 of 1st period - Jonas Junland is hit by Thomas Hickey and loses puck.
1:41 of 1st period - Off-side.
1:42 of 1st period - Drayson Bowman wins face-off versus Dwight King in neutral zone.
1:45 of 1st period - Colby Cohen is hit by Thomas Hickey and loses puck.
1:53 of 1st period - Minor Penalty to Colby Cohen for Hooking.
1:54 of 1st period - Nick Bonino wins face-off versus Tyler Brenner in Atomiques zone.
1:54 of 1st period - Slapshot by Matt Donovan.
1:54 of 1st period - Shot Blocked by Davis Drewiske.
2:20 of 1st period - Steve McCarthy is hit by Eric Tangradi and loses puck.
2:27 of 1st period - Slapshot by Eric Tangradi.
2:27 of 1st period - Stopped by Sergei Bobrovsky without a rebound.
2:28 of 1st period - Ryan Shannon wins face-off versus Anton Lander in Atomiques zone.
3:53 of 1st period - Penalty to Colby Cohen is over, Colby Cohen is back on ice.
4:22 of 1st period - Snap shot by Dwight King.
4:22 of 1st period - Shot Misses the Net.
4:30 of 1st period - Snap shot by Dwight King.
4:30 of 1st period - Shot Misses the Net.
4:54 of 1st period - Slapshot by Ryan Shannon.
4:54 of 1st period - Shot Misses the Net.
5:02 of 1st period - Steve McCarthy is hit by Logan Shaw and loses puck.
5:25 of 1st period - Logan Shaw is hit by Kyle Wharton and loses puck.
5:38 of 1st period - Thomas Hickey is hit by Dwight King and loses puck.
7:10 of 1st period - Eric Tangradi is hit by Brock McGinn and loses puck.
7:17 of 1st period - Slapshot by Matt Niskanen.
7:17 of 1st period - Shot Misses the Net.
7:52 of 1st period - Wrist shot by Dwight King.
7:52 of 1st period - Shot Blocked by Matt Niskanen.
7:54 of 1st period - Snap shot by Marc-André Cliche.
7:54 of 1st period - Shot Misses the Net.
7:56 of 1st period - Wrist shot by Corey Tropp.
7:56 of 1st period - Deflect By Dwight King.
7:56 of 1st period - Shot Misses the Net.
7:56 of 1st period - Puck is out of play.
7:57 of 1st period - Anton Lander wins face-off versus Tyler Brenner in Mulligans zone.
8:27 of 1st period - Christoph Bertschy is hit by Ryan Shannon and loses puck.
8:32 of 1st period - Snap shot by Tyler Brenner.
8:32 of 1st period - Stopped by Anders Lindback with a rebound.
8:34 of 1st period - Wrist shot by Kenndal McArdle.
8:34 of 1st period - Stopped by Anders Lindback without a rebound.
8:35 of 1st period - Anton Lander wins face-off versus Marc-André Cliche in Mulligans zone.
8:50 of 1st period - Thomas Hickey is hit by Steve McCarthy and loses puck.
9:10 of 1st period - Snap shot by Brett Sutter.
9:10 of 1st period - Stopped by Anders Lindback with a rebound.
9:27 of 1st period - Jonas Junland is hit by Jonathan Tremblay and loses puck.
9:48 of 1st period - Slapshot by Ryan Shannon.
9:48 of 1st period - Stopped by Anders Lindback with a rebound.
10:03 of 1st period - Snap shot by Logan Shaw.
10:03 of 1st period - Shot Misses the Net.
10:05 of 1st period - Wrist shot by Matt Beleskey.
10:05 of 1st period - Shot Misses the Net.
10:07 of 1st period - Wrist shot by Darren Dietz.
10:07 of 1st period - Stopped by Sergei Bobrovsky with a rebound.
11:24 of 1st period - Steve McCarthy is hit by Maxime Macenauer and loses puck.
11:53 of 1st period - Snap shot by Brock McGinn.
11:53 of 1st period - Stopped by Anders Lindback with a rebound.
11:59 of 1st period - Snap shot by Brock McGinn.
11:59 of 1st period - Stopped by Anders Lindback without a rebound.
12:00 of 1st period - Maxime Macenauer wins face-off versus Tyler Brenner in Mulligans zone.
12:32 of 1st period - Snap shot by Eric Tangradi.
12:32 of 1st period - Shot Blocked by Eric Gustafsson.
12:34 of 1st period - Wrist shot by Cade Fairchild.
12:34 of 1st period - Shot Blocked by Corey Tropp.
12:48 of 1st period - Slapshot by Anton Lander.
12:48 of 1st period - Shot Blocked by Bobby Farnham.
12:56 of 1st period - Snap shot by Andrew Kozek.
12:56 of 1st period - Shot Hit the Post.
13:14 of 1st period - Wrist shot by Logan Shaw.
13:14 of 1st period - Shot Blocked by Steve McCarthy.
13:18 of 1st period - Wrist shot by Logan Shaw.
13:18 of 1st period - Shot Misses the Net.
13:20 of 1st period - Snap shot by Anton Lander.
13:20 of 1st period - Stopped by Sergei Bobrovsky with a rebound.
13:22 of 1st period - Snap shot by Logan Shaw.
13:22 of 1st period - Stopped by Sergei Bobrovsky without a rebound.
13:23 of 1st period - Nick Bonino wins face-off versus Tyler Brenner in Atomiques zone.
13:34 of 1st period - Backhand shot by Matt Niskanen.
13:34 of 1st period - Stopped by Sergei Bobrovsky without a rebound.
13:35 of 1st period - Nick Bonino wins face-off versus Tyler Brenner in Atomiques zone.
14:24 of 1st period - Snap shot by Eric Tangradi.
14:24 of 1st period - Stopped by Sergei Bobrovsky without a rebound.
14:25 of 1st period - Anton Lander wins face-off versus Marc-André Cliche in Atomiques zone.
14:26 of 1st period - Wrist shot by Logan Shaw.
14:26 of 1st period - Shot Misses the Net.
14:55 of 1st period - Wrist shot by Maxime Macenauer.
14:55 of 1st period - Stopped by Sergei Bobrovsky with a rebound.
14:57 of 1st period - Slapshot by Darren Dietz.
14:57 of 1st period - Shot Misses the Net.
14:59 of 1st period - Wrist shot by Drayson Bowman.
14:59 of 1st period - Goal by Drayson Bowman - Atomiques : 0 - Mulligans : 1.
15:00 of 1st period - Nick Bonino wins face-off versus Tyler Brenner in neutral zone.
15:05 of 1st period - Wrist shot by Nick Bonino.
15:05 of 1st period - Stopped by Sergei Bobrovsky with a rebound.
15:07 of 1st period - Slapshot by Matt Niskanen.
15:07 of 1st period - Deflect By Eric Tangradi.
15:07 of 1st period - Shot Blocked by Ryan Shannon.
15:07 of 1st period - Puck is out of play.
15:08 of 1st period - Tyler Brenner wins face-off versus Nick Bonino in Atomiques zone.
15:25 of 1st period - Matt Donovan is hit by Tyler Brenner and loses puck.
15:38 of 1st period - Icing by Steve McCarthy.
15:39 of 1st period - Tyler Brenner wins face-off versus Anton Lander in Atomiques zone.
16:00 of 1st period - Minor Penalty to Tyler Brenner for Roughing.
16:01 of 1st period - Nick Bonino wins face-off versus Joseph Cramarossa in Atomiques zone.
16:10 of 1st period - Snap shot by Eric Tangradi.
16:10 of 1st period - Stopped by Sergei Bobrovsky without a rebound.
16:11 of 1st period - Nick Bonino wins face-off versus Joseph Cramarossa in Atomiques zone.
16:14 of 1st period - Snap shot by Eric Tangradi.
16:14 of 1st period - Shot Blocked by Kenndal McArdle.
16:16 of 1st period - Slapshot by Matt Niskanen.
16:16 of 1st period - Shot Blocked by Kenndal McArdle.
16:18 of 1st period - Wrist shot by Nick Bonino.
16:18 of 1st period - Shot Misses the Net.
16:22 of 1st period - Wrist shot by Nick Bonino.
16:22 of 1st period - Shot Misses the Net.
16:24 of 1st period - Slapshot by Matt Niskanen.
16:24 of 1st period - Deflect By Kenndal McArdle.
16:24 of 1st period - Goal by Matt Niskanen - Atomiques : 0 - Mulligans : 2.
16:25 of 1st period - Nick Bonino wins face-off versus Tyler Brenner in neutral zone.
16:38 of 1st period - Slapshot by Nick Bonino.
16:38 of 1st period - Stopped by Sergei Bobrovsky without a rebound.
16:39 of 1st period - Marc-André Cliche wins face-off versus Nick Bonino in Atomiques zone.
16:45 of 1st period - Off-side.
16:46 of 1st period - Nick Bonino wins face-off versus Marc-André Cliche in neutral zone.
16:49 of 1st period - Slapshot by Matt Donovan.
16:49 of 1st period - Shot Misses the Net.
16:59 of 1st period - Snap shot by Marc-André Cliche.
16:59 of 1st period - Shot Misses the Net.
17:33 of 1st period - Snap shot by Brett Sutter.
17:33 of 1st period - Shot Misses the Net.
17:55 of 1st period - Snap shot by Nick Bonino.
17:55 of 1st period - Deflect By Eric Tangradi.
17:55 of 1st period - Stopped by Sergei Bobrovsky with a rebound.
18:19 of 1st period - Snap shot by Anton Lander.
18:19 of 1st period - Stopped by Sergei Bobrovsky with a rebound.
18:34 of 1st period - Thomas Hickey is hit by Kenndal McArdle and loses puck.
19:25 of 1st period - Snap shot by Joonas Donskoi.
19:25 of 1st period - Goal by Joonas Donskoi - Atomiques : 0 - Mulligans : 3.
19:26 of 1st period - Tyler Brenner wins face-off versus Nick Bonino in neutral zone.
19:34 of 1st period - Backhand shot by Kenndal McArdle.
19:34 of 1st period - Shot Hit the Post.
19:36 of 1st period - Snap shot by Kenndal McArdle.
19:36 of 1st period - Stopped by Anders Lindback without a rebound.
19:37 of 1st period - Tyler Brenner wins face-off versus Nick Bonino in Mulligans zone.
19:44 of 1st period - Snap shot by Ryan Shannon.
19:44 of 1st period - Stopped by Anders Lindback without a rebound.
19:45 of 1st period - Nick Bonino wins face-off versus Tyler Brenner in Mulligans zone.
Goals for this period are 0 for Atomiques vs 3 for Mulligans.
Shots for this period are 8 for Atomiques vs 15 for Mulligans.

2nd period


0:01 of 2nd period - Nick Bonino wins face-off versus Marc-André Cliche in neutral zone.
0:30 of 2nd period - Slapshot by Thomas Hickey.
0:30 of 2nd period - Stopped by Sergei Bobrovsky without a rebound.
0:31 of 2nd period - Joonas Donskoi wins face-off versus Tyler Brenner in Atomiques zone.
0:38 of 2nd period - Wrist shot by Joonas Donskoi.
0:38 of 2nd period - Deflect By Kenndal McArdle.
0:38 of 2nd period - Shot Blocked by Jonas Junland.
0:38 of 2nd period - Puck is out of play.
0:39 of 2nd period - Nick Bonino wins face-off versus Tyler Brenner in Atomiques zone.
1:09 of 2nd period - Wrist shot by Andrew Kozek.
1:09 of 2nd period - Stopped by Anders Lindback without a rebound.
1:10 of 2nd period - Anton Lander wins face-off versus Brett Sutter in Mulligans zone.
1:15 of 2nd period - Davis Drewiske is hit by Logan Shaw and loses puck.
1:36 of 2nd period - Brett Sutter is hit by Sven Baertschi.
1:40 of 2nd period - Snap shot by Joonas Donskoi.
1:40 of 2nd period - Shot Misses the Net.
2:12 of 2nd period - Wrist shot by Andrew Kozek.
2:12 of 2nd period - Stopped by Anders Lindback with a rebound.
2:14 of 2nd period - Slapshot by Brett Sutter.
2:14 of 2nd period - Shot Blocked by Dalton Thrower.
2:16 of 2nd period - Wrist shot by Andrew Kozek.
2:16 of 2nd period - Goal by Andrew Kozek - Atomiques : 1 - Mulligans : 3.
2:17 of 2nd period - Anton Lander wins face-off versus Tyler Brenner in neutral zone.
2:42 of 2nd period - Shayne Gostisbehere is hit by Matt Donovan and loses puck.
2:48 of 2nd period - Icing by Corey Tropp.
2:49 of 2nd period - Nick Bonino wins face-off versus Marc-André Cliche in Atomiques zone.
3:22 of 2nd period - Shayne Gostisbehere is hit by Logan Shaw and loses puck.
3:32 of 2nd period - Off-side.
3:33 of 2nd period - Brett Sutter wins face-off versus Maxime Macenauer in neutral zone.
4:05 of 2nd period - Wrist shot by Maxime Macenauer.
4:05 of 2nd period - Shot Misses the Net.
4:11 of 2nd period - Drayson Bowman is hit by Corey Tropp and loses puck.
4:22 of 2nd period - Slapshot by Steve McCarthy.
4:22 of 2nd period - Shot Misses the Net.
4:24 of 2nd period - Snap shot by Anthony Nigro.
4:24 of 2nd period - Shot Misses the Net.
4:26 of 2nd period - Slapshot by Davis Drewiske.
4:26 of 2nd period - Stopped by Anders Lindback with a rebound.
4:28 of 2nd period - Slapshot by Steve McCarthy.
4:28 of 2nd period - Stopped by Anders Lindback without a rebound.
4:29 of 2nd period - Nick Bonino wins face-off versus Anthony Nigro in Mulligans zone.
4:52 of 2nd period - Wrist shot by Anthony Nigro.
4:52 of 2nd period - Shot Misses the Net.
5:28 of 2nd period - Slapshot by Matt Donovan.
5:28 of 2nd period - Stopped by Sergei Bobrovsky with a rebound.
5:30 of 2nd period - Snap shot by Jonathan Tremblay.
5:30 of 2nd period - Stopped by Sergei Bobrovsky without a rebound.
5:31 of 2nd period - Tyler Brenner wins face-off versus Anton Lander in Atomiques zone.
5:40 of 2nd period - Wrist shot by Ryan Shannon.
5:40 of 2nd period - Shot Blocked by Thomas Hickey.
5:42 of 2nd period - Slapshot by Tyler Brenner.
5:42 of 2nd period - Stopped by Anders Lindback with a rebound.
6:02 of 2nd period - Snap shot by Thomas Hickey.
6:02 of 2nd period - Shot Blocked by Davis Drewiske.
6:06 of 2nd period - Wrist shot by Joonas Donskoi.
6:06 of 2nd period - Shot Misses the Net.
6:24 of 2nd period - Slapshot by Steve McCarthy.
6:24 of 2nd period - Shot Misses the Net.
6:53 of 2nd period - Icing by Dwight King.
6:54 of 2nd period - Marc-André Cliche wins face-off versus Anton Lander in Atomiques zone.
7:01 of 2nd period - Snap shot by Ryan Shannon.
7:01 of 2nd period - Shot Misses the Net.
7:23 of 2nd period - Dalton Thrower is hit by Kyle Wharton and loses puck.
7:40 of 2nd period - Slapshot by Matt Niskanen.
7:40 of 2nd period - Deflect By Christoph Bertschy.
7:40 of 2nd period - Stopped by Sergei Bobrovsky without a rebound.
7:41 of 2nd period - Tyler Brenner wins face-off versus Christoph Bertschy in Atomiques zone.
7:54 of 2nd period - Snap shot by Tyler Brenner.
7:54 of 2nd period - Shot Hit the Post.
7:56 of 2nd period - Slapshot by Ryan Shannon.
7:56 of 2nd period - Shot Misses the Net.
8:06 of 2nd period - Logan Shaw is hit by Davis Drewiske and loses puck.
8:33 of 2nd period - Snap shot by Andrew Kozek.
8:33 of 2nd period - Stopped by Anders Lindback with a rebound.
8:35 of 2nd period - Slapshot by Jonas Junland.
8:35 of 2nd period - Stopped by Anders Lindback with a rebound.
8:47 of 2nd period - Snap shot by Drayson Bowman.
8:47 of 2nd period - Shot Misses the Net.
8:49 of 2nd period - Wrist shot by Drayson Bowman.
8:49 of 2nd period - Stopped by Sergei Bobrovsky with a rebound.
8:51 of 2nd period - Slapshot by Cade Fairchild.
8:51 of 2nd period - Shot Misses the Net.
9:23 of 2nd period - Dwight King is hit by Christoph Bertschy and loses puck.
9:48 of 2nd period - Off-side.
9:49 of 2nd period - Maxime Macenauer wins face-off versus Tyler Brenner in neutral zone.
9:57 of 2nd period - Backhand shot by Tyler Brenner.
9:57 of 2nd period - Stopped by Anders Lindback without a rebound.
9:58 of 2nd period - Nick Bonino wins face-off versus Tyler Brenner in Mulligans zone.
10:05 of 2nd period - Ryan Shannon is hit by Nick Bonino and loses puck.
10:10 of 2nd period - Wrist shot by Nick Bonino.
10:10 of 2nd period - Shot Misses the Net.
10:12 of 2nd period - Snap shot by Nick Bonino.
10:12 of 2nd period - Stopped by Sergei Bobrovsky with a rebound.
10:14 of 2nd period - Backhand shot by Eric Tangradi.
10:14 of 2nd period - Stopped by Sergei Bobrovsky with a rebound.
10:24 of 2nd period - Snap shot by Dwight King.
10:24 of 2nd period - Goal by Dwight King - Atomiques : 2 - Mulligans : 3.
10:25 of 2nd period - Anton Lander wins face-off versus Tyler Brenner in neutral zone.
14:06 of 2nd period - Snap shot by Marc-André Cliche.
14:06 of 2nd period - Shot Misses the Net.
14:08 of 2nd period - Snap shot by Corey Tropp.
14:08 of 2nd period - Shot Misses the Net.
14:10 of 2nd period - Snap shot by Corey Tropp.
14:10 of 2nd period - Stopped by Anders Lindback with a rebound.
15:23 of 2nd period - Jonas Junland is hit by Ben Hutton and loses puck.
15:55 of 2nd period - Slapshot by Andrew Kozek.
15:55 of 2nd period - Stopped by Anders Lindback with a rebound.
15:57 of 2nd period - Snap shot by Bobby Farnham.
15:57 of 2nd period - Stopped by Anders Lindback with a rebound.
15:59 of 2nd period - Wrist shot by Brett Sutter.
15:59 of 2nd period - Goal by Brett Sutter - Atomiques : 3 - Mulligans : 3.
16:00 of 2nd period - Tyler Brenner wins face-off versus Nick Bonino in neutral zone.
16:27 of 2nd period - Corey Tropp is hit by Logan Shaw and loses puck.
16:34 of 2nd period - Marc-André Cliche is hit by Logan Shaw and loses puck.
16:56 of 2nd period - Cade Fairchild is hit by Dwight King and loses puck.
17:01 of 2nd period - Snap shot by Corey Tropp.
17:01 of 2nd period - Stopped by Anders Lindback without a rebound.
17:02 of 2nd period - Tyler Brenner wins face-off versus Nick Bonino in Mulligans zone.
17:11 of 2nd period - Slapshot by Ryan Shannon.
17:11 of 2nd period - Shot Misses the Net.
17:13 of 2nd period - Wrist shot by Kenndal McArdle.
17:13 of 2nd period - Stopped by Anders Lindback without a rebound.
17:14 of 2nd period - Nick Bonino wins face-off versus Tyler Brenner in Mulligans zone.
17:14 of 2nd period - Nick Bonino is hit by Davis Drewiske.
17:36 of 2nd period - Minor Penalty to Ryan Shannon for Roughing.
17:37 of 2nd period - Nick Bonino wins face-off versus Tyler Brenner in Atomiques zone.
17:42 of 2nd period - Slapshot by Nick Bonino.
17:42 of 2nd period - Shot Misses the Net.
17:44 of 2nd period - Slapshot by Matt Donovan.
17:44 of 2nd period - Shot Blocked by Tyler Brenner.
17:46 of 2nd period - Wrist shot by Eric Tangradi.
17:46 of 2nd period - Stopped by Sergei Bobrovsky without a rebound.
17:47 of 2nd period - Nick Bonino wins face-off versus Tyler Brenner in Atomiques zone.
18:10 of 2nd period - Wrist shot by Eric Tangradi.
18:10 of 2nd period - Shot Misses the Net.
18:12 of 2nd period - Wrist shot by Jonathan Tremblay.
18:12 of 2nd period - Goal by Jonathan Tremblay - Atomiques : 3 - Mulligans : 4.
18:13 of 2nd period - Nick Bonino wins face-off versus Kenndal McArdle in neutral zone.
18:16 of 2nd period - Slapshot by Matt Donovan.
18:16 of 2nd period - Deflect By Nick Bonino.
18:16 of 2nd period - Shot Misses the Net.
18:16 of 2nd period - Puck is out of play.
18:17 of 2nd period - Nick Bonino wins face-off versus Tyler Brenner in Atomiques zone.
18:26 of 2nd period - Davis Drewiske is hit by Matt Niskanen.
18:30 of 2nd period - Backhand shot by Ryan Shannon.
18:30 of 2nd period - Shot Blocked by Matt Niskanen.
19:01 of 2nd period - Off-side.
19:02 of 2nd period - Maxime Macenauer wins face-off versus Brett Sutter in neutral zone.
Goals for this period are 3 for Atomiques vs 1 for Mulligans.
Shots for this period are 16 for Atomiques vs 9 for Mulligans.

3rd period


0:01 of 3rd period - Nick Bonino wins face-off versus Tyler Brenner in neutral zone.
0:26 of 3rd period - Davis Drewiske is hit by Logan Shaw and loses puck.
0:33 of 3rd period - Wrist shot by Matt Beleskey.
0:33 of 3rd period - Shot Blocked by Marc-André Cliche.
0:35 of 3rd period - Slapshot by Thomas Hickey.
0:35 of 3rd period - Stopped by Sergei Bobrovsky without a rebound.
0:36 of 3rd period - Tyler Brenner wins face-off versus Maxime Macenauer in Atomiques zone.
1:34 of 3rd period - Snap shot by Matt Beleskey.
1:34 of 3rd period - Shot Misses the Net.
2:44 of 3rd period - Slapshot by Steve McCarthy.
2:44 of 3rd period - Stopped by Anders Lindback without a rebound.
2:45 of 3rd period - Brett Sutter wins face-off versus Nick Bonino in Mulligans zone.
2:54 of 3rd period - Wrist shot by Nick Bonino.
2:54 of 3rd period - Stopped by Sergei Bobrovsky with a rebound.
2:56 of 3rd period - Snap shot by Nick Bonino.
2:56 of 3rd period - Shot Blocked by Brett Sutter.
2:58 of 3rd period - Snap shot by Eric Tangradi.
2:58 of 3rd period - Stopped by Sergei Bobrovsky without a rebound.
2:59 of 3rd period - Matt Beleskey wins face-off versus Kenndal McArdle in Atomiques zone.
4:36 of 3rd period - Wrist shot by Nick Bonino.
4:36 of 3rd period - Stopped by Sergei Bobrovsky with a rebound.
4:48 of 3rd period - Slapshot by Davis Drewiske.
4:48 of 3rd period - Stopped by Anders Lindback without a rebound.
4:49 of 3rd period - Marc-André Cliche wins face-off versus Christoph Bertschy in Mulligans zone.
5:04 of 3rd period - Wrist shot by Dwight King.
5:04 of 3rd period - Shot Misses the Net.
5:12 of 3rd period - Snap shot by Christoph Bertschy.
5:12 of 3rd period - Stopped by Sergei Bobrovsky with a rebound.
5:24 of 3rd period - Snap shot by Sven Baertschi.
5:24 of 3rd period - Stopped by Sergei Bobrovsky without a rebound.
5:25 of 3rd period - Nick Bonino wins face-off versus Marc-André Cliche in Atomiques zone.
5:58 of 3rd period - Minor Penalty to Ryan Shannon for Slashing.
5:59 of 3rd period - Nick Bonino wins face-off versus Tyler Brenner in Atomiques zone.
6:11 of 3rd period - Wrist shot by Nick Bonino.
6:11 of 3rd period - Shot Misses the Net.
7:58 of 3rd period - Penalty to Ryan Shannon is over, Ryan Shannon is back on ice.
8:03 of 3rd period - Kyle Wharton is hit by Matt Niskanen and loses puck.
9:21 of 3rd period - Snap shot by Brock McGinn.
9:21 of 3rd period - Stopped by Anders Lindback without a rebound.
9:22 of 3rd period - Maxime Macenauer wins face-off versus Anthony Nigro in Mulligans zone.
9:24 of 3rd period - Icing by Thomas Hickey.
9:25 of 3rd period - Maxime Macenauer wins face-off versus Tyler Brenner in Mulligans zone.
9:25 of 3rd period - Cade Fairchild is hit by Kenndal McArdle and loses puck.
10:03 of 3rd period - Icing by Cade Fairchild.
10:04 of 3rd period - Brett Sutter wins face-off versus Jonathan Tremblay in Mulligans zone.
10:56 of 3rd period - Icing by Steve McCarthy.
10:57 of 3rd period - Anton Lander wins face-off versus Brett Sutter in Atomiques zone.
12:26 of 3rd period - Wrist shot by Dwight King.
12:26 of 3rd period - Shot Misses the Net.
12:28 of 3rd period - Snap shot by Colby Cohen.
12:28 of 3rd period - Stopped by Anders Lindback without a rebound.
12:29 of 3rd period - Marc-André Cliche wins face-off versus Nick Bonino in Mulligans zone.
12:42 of 3rd period - Snap shot by Dwight King.
12:42 of 3rd period - Deflect By Corey Tropp.
12:42 of 3rd period - Stopped by Anders Lindback with a rebound.
12:44 of 3rd period - Snap shot by Dwight King.
12:44 of 3rd period - Stopped by Anders Lindback with a rebound.
13:18 of 3rd period - Snap shot by Jonas Junland.
13:18 of 3rd period - Shot Misses the Net.
13:38 of 3rd period - Snap shot by Eric Tangradi.
13:38 of 3rd period - Deflect By Nick Bonino.
13:38 of 3rd period - Stopped by Sergei Bobrovsky without a rebound.
13:39 of 3rd period - Anton Lander wins face-off versus Marc-André Cliche in Atomiques zone.
13:48 of 3rd period - Snap shot by Marc-André Cliche.
13:48 of 3rd period - Shot Misses the Net.
14:05 of 3rd period - Icing by Marc-André Cliche.
14:06 of 3rd period - Ryan Shannon wins face-off versus Nick Bonino in Atomiques zone.
14:11 of 3rd period - Snap shot by Ryan Shannon.
14:11 of 3rd period - Shot Misses the Net.
14:35 of 3rd period - Slapshot by Anton Lander.
14:35 of 3rd period - Stopped by Sergei Bobrovsky with a rebound.
14:37 of 3rd period - Wrist shot by Matt Beleskey.
14:37 of 3rd period - Deflect By Ryan Shannon.
14:37 of 3rd period - Stopped by Sergei Bobrovsky with a rebound.
14:39 of 3rd period - Slapshot by Cade Fairchild.
14:39 of 3rd period - Shot Misses the Net.
14:41 of 3rd period - Snap shot by Matt Beleskey.
14:41 of 3rd period - Shot Misses the Net.
14:43 of 3rd period - Slapshot by Cade Fairchild.
14:43 of 3rd period - Stopped by Sergei Bobrovsky with a rebound.
14:55 of 3rd period - Corey Tropp is hit by Drayson Bowman and loses puck.
15:20 of 3rd period - Snap shot by Corey Tropp.
15:20 of 3rd period - Stopped by Anders Lindback with a rebound.
15:26 of 3rd period - Wrist shot by Eric Tangradi.
15:26 of 3rd period - Stopped by Sergei Bobrovsky without a rebound.
15:27 of 3rd period - Brett Sutter wins face-off versus Nick Bonino in Atomiques zone.
15:38 of 3rd period - Wrist shot by Nick Bonino.
15:38 of 3rd period - Shot Blocked by Andrew Kozek.
15:40 of 3rd period - Slapshot by Eric Tangradi.
15:40 of 3rd period - Deflect By Bobby Farnham.
15:40 of 3rd period - Shot Blocked by Eric Mestery.
15:40 of 3rd period - Puck is out of play.
15:41 of 3rd period - Maxime Macenauer wins face-off versus Tyler Brenner in Atomiques zone.
16:11 of 3rd period - Slapshot by Matt Niskanen.
16:11 of 3rd period - Shot Misses the Net.
16:23 of 3rd period - Brett Sutter is hit by Matt Donovan and loses puck.
17:12 of 3rd period - Snap shot by Drayson Bowman.
17:12 of 3rd period - Stopped by Sergei Bobrovsky with a rebound.
17:14 of 3rd period - Slapshot by Joonas Donskoi.
17:14 of 3rd period - Shot Blocked by Steve McCarthy.
17:16 of 3rd period - Wrist shot by Drayson Bowman.
17:16 of 3rd period - Shot Blocked by Steve McCarthy.
17:18 of 3rd period - Slapshot by Maxime Macenauer.
17:18 of 3rd period - Stopped by Sergei Bobrovsky without a rebound.
17:19 of 3rd period - Tyler Brenner wins face-off versus Nick Bonino in Atomiques zone.
17:26 of 3rd period - Backhand shot by Ryan Shannon.
17:26 of 3rd period - Stopped by Anders Lindback with a rebound.
17:51 of 3rd period - Slapshot by Thomas Hickey.
17:51 of 3rd period - Stopped by Sergei Bobrovsky with a rebound.
17:53 of 3rd period - Snap shot by Matt Beleskey.
17:53 of 3rd period - Shot Misses the Net.
17:55 of 3rd period - Slapshot by Logan Shaw.
17:55 of 3rd period - Shot Blocked by Colby Cohen.
18:05 of 3rd period - Snap shot by Marc-André Cliche.
18:05 of 3rd period - Deflect By Brock McGinn.
18:05 of 3rd period - Stopped by Anders Lindback with a rebound.
18:07 of 3rd period - Wrist shot by Mitch Callahan.
18:07 of 3rd period - Stopped by Anders Lindback without a rebound.
18:08 of 3rd period - Nick Bonino wins face-off versus Anthony Nigro in Mulligans zone.
18:15 of 3rd period - Snap shot by Nick Bonino.
18:15 of 3rd period - Shot Blocked by Eric Mestery.
18:21 of 3rd period - Slapshot by Anthony Nigro.
18:21 of 3rd period - Stopped by Anders Lindback without a rebound.
18:22 of 3rd period - Tyler Brenner wins face-off versus Anton Lander in Mulligans zone.
18:23 of 3rd period - Wrist shot by Kenndal McArdle.
18:23 of 3rd period - Shot Misses the Net.
18:47 of 3rd period - Corey Tropp is hit by Eric Tangradi and loses puck.
18:56 of 3rd period - Wrist shot by Nick Bonino.
18:56 of 3rd period - Shot Misses the Net.
19:10 of 3rd period - Atomiques, Sergei Bobrovsky is pulled from the net.
19:12 of 3rd period - Wrist shot by Ryan Shannon.
19:12 of 3rd period - Stopped by Anders Lindback without a rebound.
19:13 of 3rd period - Denis Savard call a timeout for Atomiques.
19:13 of 3rd period - Tyler Brenner wins face-off versus Anton Lander in Mulligans zone.
19:14 of 3rd period - Snap shot by Ryan Shannon.
19:14 of 3rd period - Deflect By Kenndal McArdle.
19:14 of 3rd period - Stopped by Anders Lindback without a rebound.
19:15 of 3rd period - Tyler Brenner wins face-off versus Anton Lander in Mulligans zone.
19:38 of 3rd period - Snap shot by Ryan Shannon.
19:38 of 3rd period - Deflect By Matt Niskanen.
19:38 of 3rd period - Stopped by Anders Lindback with a rebound.
19:40 of 3rd period - Snap shot by Davis Drewiske.
19:40 of 3rd period - Shot Misses the Net.
19:42 of 3rd period - Wrist shot by Ryan Shannon.
19:42 of 3rd period - Stopped by Anders Lindback with a rebound.
Goals for this period are 0 for Atomiques vs 0 for Mulligans.
Shots for this period are 15 for Atomiques vs 14 for Mulligans.